Map: Beckett Industries LE

Players

Pumba - Winner!

  • Race: Zerg Zerg
  • League: Master
  • Spawn Location: 7:00

Matt

  • Race: Terran Terran
  • League: Master
  • Spawn Location: 1:00

VOD

Have the link to the VOD?

Description

Time

  • Played on: Sept. 7, 2021, 5:27 p.m.
  • Length: 10:55
Show
View Real Time Build Order
Export as new Build Order

Pumba Zerg - Winner!

Build Orders: Pool First 

Get SALT Encoding   

  12  0:01  Drone  
  13  0:12  Overlord  
  13  0:17  Drone  
  14  0:31  Drone x2  
  14  0:35  Drone  
  17  0:44  Spawning Pool  
  17  0:49  Drone  
  17  1:09  Hatchery  
  16  1:12  Drone  
  16  1:14  Extractor  
  16  1:18  Drone  
  17  1:23  Drone  
  18  1:35  Zergling x2, Roach Warren  
  18  1:42  Queen  
  20  1:48  Drone  
  21  2:04  Overlord  
  21  2:06  Drone  
  22  2:21  Roach  
  26  2:23  Roach  
  26  2:24  Roach  
  26  2:29  Queen  
  30  2:38  Drone  
  30  2:39  Overlord  
  31  2:44  Drone  
  32  2:52  Drone  
  32  2:53  Lair  
  32  2:58  Drone x2  
  32  3:01  Drone  
  32  3:05  Drone  
  36  3:06  Extractor  
  36  3:09  Drone  
  36  3:11  Drone  
  37  3:16  Drone  
  38  3:25  Overlord  
  36  3:32  Drone x2  
  38  3:40  Drone  
  39  3:43  Drone x4  
  39  3:45  Drone  
  44  3:53  Drone  
  44  3:55  Spire  
  44  4:00  Extractor x2  
  42  4:04  Drone x2  
  42  4:10  Drone  
  42  4:14  Drone x2  
  42  4:15  Drone  
  46  4:18  Drone x3  
  46  4:20  Overlord  
  49  4:35  Drone  
  49  4:36  Drone  
  49  4:37  Hatchery  
  50  4:40  Queen  
  50  4:45  Overlord  
  52  4:54  Overlord  
  52  5:05  Overlord  
  52  5:08  Mutalisk x6  
  64  5:18  Queen  
  66  5:26  Overseer  
  66  5:34  Drone x3  
  66  5:35  Drone x5  
  74  5:42  Overlord  
  74  5:44  Spore Crawler  
  74  5:45  Spore Crawler  
  74  5:49  Drone x7  
  79  5:51  Overlord  
  78  5:57  Drone  
  78  6:04  Drone  
  78  6:05  Drone  
  78  6:07  Drone  
  81  6:16  Glial Reconstitution  
  79  6:18  Evolution Chamber  
  79  6:19  Evolution Chamber  
  79  6:23  Overlord x2  
  79  6:24  Extractor  
  79  6:25  Roach x5  
  82  6:37  Spore Crawler  
  81  6:41  Roach x3  
  81  6:42  Roach x2  
  91  6:48  Zerg Ground Armor Level 1, Zerg Missile Weapons Level 1  
  91  6:52  Roach x3  
  97  6:58  Roach x4  
  105  7:03  Roach x3  
  105  7:05  Ravager x3  
  114  7:12  Overlord x2  
  114  7:28  Roach x2  
  114  7:29  Roach x3  
  96  7:37  Roach x9  
  116  7:44  Roach x2  
  116  7:56  Overlord x3  
  116  8:03  Roach x5  
  126  8:08  Overseer  
  126  8:10  Overlord x2  
  126  8:11  Overlord  
  126  8:15  Pneumatized Carapace  
  126  8:22  Roach x6  
  138  8:30  Ravager  
  138  8:32  Roach x5  
  149  8:34  Ravager  
  149  8:35  Ravager  
  151  9:01  Roach x9, Extractor  
  168  9:11  Overlord x4  
  162  9:32  Roach x8  
  178  9:40  Overlord x2  
  178  9:46  Spore Crawler  
  178  9:47  Spore Crawler, Queen  
  178  9:48  Spore Crawler x2  
  178  9:49  Spore Crawler  
  178  9:50  Spore Crawler, Ravager x3  
  178  9:51  Ravager  
  164  10:33  Roach x11  
Show
View Real Time Build Order
Export as new Build Order

Matt Terran 

Build Orders: Reaper Expand 

Get SALT Encoding   

  12  0:00  SCV  
  13  0:12  SCV  
  14  0:17  Supply Depot  
  14  0:24  SCV  
  15  0:38  SCV  
  15  0:40  Barracks  
  16  0:43  Refinery  
  16  0:50  SCV  
  17  1:02  SCV  
  18  1:15  SCV  
  19  1:27  Orbital Command  
  19  1:28  Reaper  
  20  1:40  Command Center  
  20  1:48  Supply Depot  
  20  1:53  SCV  
  21  1:59  Marine  
  22  2:05  SCV  
  23  2:13  Factory  
  22  2:16  Bunker  
  22  2:18  Marine  
  22  2:21  SCV  
  24  2:25  Refinery  
  24  2:33  SCV  
  24  2:35  Marine  
  26  2:47  SCV  
  27  2:51  Orbital Command  
  27  2:59  SCV  
  27  3:00  Barracks Reactor, Factory Tech Lab  
  27  3:02  Starport  
  28  3:11  SCV  
  28  3:20  Engineering Bay  
  28  3:22  Engineering Bay  
  26  3:31  SCV x2  
  28  3:36  Siege Tank  
  30  3:41  Marine x2  
  30  3:44  Starport Tech Lab  
  30  3:47  SCV  
  30  3:48  SCV  
  33  3:59  Marine  
  33  4:00  SCV  
  35  4:08  Banshee  
  36  4:11  SCV  
  36  4:12  SCV  
  38  4:17  Barracks  
  38  4:23  SCV  
  38  4:24  SCV  
  40  4:26  Factory Reactor  
  40  4:35  SCV, Stimpack  
  40  4:36  SCV  
  42  4:40  Factory Tech Lab  
  42  4:41  Marine  
  42  4:45  Supply Depot  
  43  4:46  Engineering Bay  
  43  4:47  SCV  
  44  4:56  SCV  
  44  4:58  Marine  
  46  5:06  SCV  
  47  5:07  Supply Depot  
  47  5:09  Supply Depot  
  47  5:14  SCV  
  47  5:16  Marine  
  47  5:18  SCV, Siege Tank  
  47  5:20  Marine  
  54  5:22  Starport Reactor  
  54  5:26  Terran Infantry Weapons Level 1  
  54  5:28  SCV, Marine  
  54  5:33  Supply Depot, Command Center  
  54  5:34  Marine  
  57  5:36  SCV  
  57  5:38  Marine  
  57  5:40  SCV  
  60  5:47  Marine  
  60  5:48  SCV  
  62  5:52  Marine  
  62  5:53  SCV  
  62  5:56  Supply Depot  
  63  6:00  SCV  
  57  6:05  Marine x2  
  57  6:06  Medivac x2  
  57  6:08  Missile Turret  
  57  6:10  SCV  
  61  6:12  SCV  
  60  6:19  Marine  
  60  6:22  SCV  
  60  6:23  Marine  
  60  6:24  SCV  
  64  6:35  SCV  
  64  6:36  Marine  
  64  6:37  Marine  
  64  6:38  SCV  
  68  6:49  Siege Tank, Marine  
  68  6:51  Medivac  
  68  6:52  SCV x2  
  76  6:59  Marine x2  
  76  7:01  Combat Shield  
  78  7:04  SCV x2  
  78  7:05  Refinery  
  80  7:11  Marine  
  81  7:17  Marine x2  
  82  7:28  Marine  
  73  7:35  Marine x2  
  60  7:46  Marine  
  60  7:49  Barracks, Armory, Terran Infantry Armor Level 1  
  60  7:50  Barracks  
  61  7:51  Engineering Bay  
  61  7:52  Barracks  
  61  7:53  Marine x2  
  63  8:01  Siege Tank  
  63  8:04  Marine  
  67  8:07  SCV x2  
  67  8:11  Marine x2  
  71  8:19  SCV, Medivac  
  74  8:22  Marine  
  74  8:23  SCV  
  76  8:28  Marine  
  76  8:31  SCV  
  78  8:53  Supply Depot x2, Barracks Reactor  
  78  8:54  Barracks Reactor  
  78  8:58  Terran Vehicle Weapons Level 1  
  78  9:04  SCV x2, Marine x4  
  84  9:16  SCV x2  
  85  9:21  SCV, Marine x3  
  85  9:22  Marine  
  90  9:28  SCV x2  
  90  9:31  Marine x4  
  90  9:33  Concussive Shells  
  94  9:39  Marine x2  
  94  9:40  SCV x2  
  94  9:43  Marine x2  
  94  9:44  Medivac, Siege Tank  
  105  9:49  Marine  
  105  9:52  SCV x2  
  107  10:02  Marine x2  
  107  10:04  Marine  
  107  10:05  Marine  
  107  10:06  SCV, Marine  
  109  10:07  Marine x2  
  109  10:08  Marine  
  109  10:10  Medivac  
  107  10:16  Siege Tank  
  107  10:20  Marine x2  
  85  10:22  Marine  
  85  10:23  Marine x2  
  85  10:25  Marine  
  85  10:26  Marine  
  77  10:32  Marine  
Tags
 
Add a new tag
Caveats
  • Supply blocks, unpowered buildings, or Contaminate may cause inaccurate times.
  • Supply counts are checked every 10 seconds.